 Dungeon Crawl Stone Soup version 0.20.1-1-g8b1a95d (webtiles) character file.

4301 SomeUser the Blocker (level 10, -7/86 HPs)
             Began as a Minotaur Fighter on Aug 23, 2017.
             Was a Believer of Makhleb.
             Mangled by Grum
             ... wielding a -1 spear
              (14 damage)
             ... on level 8 of the Dungeon.
             The game lasted 00:25:35 (6053 turns).

SomeUser the Blocker (Minotaur Fighter)             Turns: 6053, Time: 00:25:36

Health: -7/86      AC: 10    Str: 20    XL:     10   Next: 11%
Magic:  9/9        EV: 13    Int:  5    God:    Makhleb [**....]
Gold:   294        SH: 11    Dex: 14    Spells: 9/9 levels left

rFire    + + +     SeeInvis .   o - +6 short sword of Umep {pierce, rF+}
rCold    x . .     Gourm    +   c - +0 shield
rNeg     . . .     Faith    .   h - +2 ring mail {rF+}
rPois    .         Spirit   .   (helmet restricted)
rElec    .         Reflect  .   (no cloak)
rCorr    .         Harm     .   (no gloves)
MR       .....                  a - +0 pair of boots
Stlth    +.........             g - amulet of the gourmand
Regen    0.3/turn               t - ring of fire
MPRegen  0.2/turn               (no ring)

@: no status effects
A: retaliatory headbutt, horns 2
a: Minor Destruction, Renounce Religion


You were on level 8 of the Dungeon.
You worshipped Makhleb.
Makhleb was pleased with you.
You were completely stuffed.

You visited 2 branches of the dungeon, and saw 9 of its levels.

You collected 294 gold pieces.

Inventory:

Hand Weapons
 o - the +6 short sword of Umep (weapon) {pierce, rF+}
   (You found it on level 4 of the Dungeon)

   It inflicts extra damage upon your enemies.
   It protects you from fire.
Armour
 a - a +0 pair of boots (worn)
 c - a +0 shield (worn)
 h - a +2 ring mail of fire resistance (worn)
Jewellery
 g - an amulet of the gourmand (around neck)
 t - a ring of fire (left hand)
Wands
 v - a wand of flame (25/48)
 w - a wand of enslavement (14/24)
Scrolls
 i - 5 scrolls of amnesia
 q - a scroll of blinking
 s - 2 scrolls of identify
 u - 2 scrolls of magic mapping
 x - a scroll of fear
Potions
 d - 4 potions of might
 e - 2 potions of lignification {unknown}
 f - a potion of haste
 m - 3 potions of cancellation
 n - 2 potions of agility {unknown}
 p - 2 potions of flight {unknown}
 r - a potion of brilliance {unknown}
 z - a potion of invisibility
Comestibles
 b - 3 royal jellies
 j - 2 bread rations
 k - 4 meat rations


   Skills:
 + Level 7.1 Fighting
 + Level 7.7 Short Blades
   Level 5.9 Axes
 + Level 8.0 Armour
 + Level 6.1 Dodging
 + Level 1.0 Stealth
 + Level 9.1 Shields


You had 9 spell levels left.
You didn't know any spells.

Dungeon Overview and Level Annotations

Branches:
Dungeon (8/15)             Temple (1/1) D:4
   Lair: D:8-11

Altars:
Ashenzari
Cheibriados
Dithmenos
Elyvilon
Fedhas
Gozag
Hepliaklqana
Kikubaaqudgha
Makhleb
Nemelex Xobeh
Okawaru
Ru
Sif Muna
Trog
Uskayaw
Vehumet
Xom
Yredelemnul
Zin
The Shining One

Annotations:
D:8 Grum


Innate Abilities, Weirdness & Mutations

You reflexively headbutt those who attack you in melee.
You have a pair of horns on your head.


Message History

Something hits you but does no damage. You block Grum's attack.
You barely miss the wolf. Your headbutt misses the wolf.
The wolf is heavily wounded.
You block the wolf's attack. Grum closely misses you.
Something hits you but does no damage.
You hit the wolf.
The wolf is almost dead.
You block the wolf's attack.
A kobold comes into view.
You miss the wolf.
The wolf is almost dead.
The wolf bites you but does no damage. Grum closely misses you.
Something hits you but does no damage. The wolf bites you!
* * * LOW HITPOINT WARNING * * *
You puncture the wolf!
You kill the wolf!
Makhleb accepts your kill.
The kobold wields a blowgun.
The kobold shoots a poisoned needle.
The poisoned needle misses you. Grum hits you from afar with a spear!
You die...

#.. #.# #.# #.#
##.## $.(# #..#
#@.# #){# # #(g#
##.# #)†#
#.hoo##))#
!.ooh.K.)#####.#
#..ho##<(......#
##.# ########.#
#


You could see Grum and a kobold.

Vanquished Creatures
  A two-headed ogre (D:6)
  Pikel (D:7)
  A hornet (D:7)
  A hungry ghost (D:7)
  Menkaure (D:6)
  A water moccasin (D:7)
  3 orc warriors
  2 ice beasts (D:5)
  A phantom (D:6)
  4 ogres
  4 wolves (D:8)
  3 centaurs
  A crocodile (D:7)
  A bullfrog (D:6)
  A scorpion (D:4)
  A bullfrog zombie (D:5)
  Crazy Yiuf (D:7)
  A bullfrog skeleton (D:7)
  A gnoll shaman (D:7)
  An orc priest (D:4)
  3 jellies
  13 orc wizards
  A worker ant (D:5)
  A hound zombie (D:7)
  4 hound skeletons
  A worker ant zombie (D:7)
  5 gnolls (D:7)
  8 adders
  3 shadow imps
  An ooze (D:3)
  3 worms
  3 dart slugs
  6 leopard geckos
  41 orcs
  8 giant cockroaches
  7 goblins
  3 hobgoblins
  11 jackals
  8 kobolds
  2 quokkas
  A ball python (D:1)
  6 bats
  4 frilled lizards
  A leopard gecko zombie (D:6)
  A quokka skeleton (D:5)
  7 rats
  A withered plant (D:2)
184 creatures vanquished.

Vanquished Creatures (others)
  A slave (D:7)
  A worker ant (D:7)
2 creatures vanquished.

Grand Total: 186 creatures vanquished

Notes
Turn   | Place    | Note
-------+----------+-------------------------------------------
     0 | D:1      | SomeUser the Minotaur Fighter began the quest for the Orb.
     0 | D:1      | Reached XP level 1. HP: 19/19 MP: 0/0
   100 | D:1      | Reached XP level 2. HP: 27/27 MP: 1/1
   199 | D:1      | Reached skill level 4 in Shields
   672 | D:2      | Reached XP level 3. HP: 31/33 MP: 2/2
  1163 | D:2      | Found an ancient bone altar of Kikubaaqudgha.
  1284 | D:2      | Reached XP level 4. HP: 37/40 MP: 3/3
  1543 | D:3      | Found a shattered altar of Ashenzari.
  1712 | D:3      | Reached XP level 5. HP: 43/46 MP: 4/4
  1735 | D:3      | Noticed a centaur
  1746 | D:3      | Killed a centaur
  1746 | D:3      | Reached skill level 1 in Dodging
  1746 | D:3      | Reached skill level 5 in Shields
  2145 | D:4      | Noticed an ogre
  2156 | D:4      | Killed an ogre
  2156 | D:4      | Reached skill level 5 in Axes
  2156 | D:4      | Reached skill level 5 in Armour
  2156 | D:4      | Reached XP level 6. HP: 37/53 MP: 5/5
  2456 | D:4      | Got a brightly glowing short sword
  2457 | D:4      | Identified the +6 short sword of Umep {pierce, rF+} (You found it on level 4 of the Dungeon)
  2615 | D:4      | Reached XP level 7. HP: 38/60 MP: 6/6
  2627 | D:4      | Reached skill level 5 in Fighting
  2627 | D:4      | Reached skill level 1 in Short Blades
  2649 | D:4      | Found a staircase to the Ecumenical Temple.
  2698 | Temple   | Entered the Ecumenical Temple
  3103 | Temple   | Became a worshipper of Makhleb the Destroyer
  3357 | D:5      | Entered Level 5 of the Dungeon
  3655 | D:5      | Reached * piety under Makhleb
  3655 | D:5      | Reached XP level 8. HP: 59/69 MP: 7/7
  3844 | D:5      | Reached skill level 6 in Shields
  4256 | D:6      | Noticed a two-headed ogre
  4294 | D:6      | Killed a two-headed ogre
  4294 | D:6      | Reached skill level 5 in Short Blades
  4294 | D:6      | Reached skill level 7 in Shields
  4294 | D:6      | Reached XP level 9. HP: 32/75 MP: 8/8
  4369 | D:6      | Found a glowing golden altar of the Shining One.
  4402 | D:6      | Noticed Menkaure
  4413 | D:6      | Killed Menkaure
  4668 | D:7      | Reached skill level 1 in Stealth
  4700 | D:7      | Paralysed by a hornet for 2 turns
  4704 | D:7      | HP: 1/78 [poisoned by a hornet]
  4717 | D:7      | HP: 2/117 [hornet (9)]
  4718 | D:7      | Reached skill level 8 in Shields
  4723 | D:7      | HP: 3/78 [poisoned by a hornet]
  4728 | D:7      | HP: 2/78 [poisoned by a hornet]
  4733 | D:7      | HP: 2/78 [poisoned by a hornet]
  4738 | D:7      | HP: 1/78 [poisoned by a hornet]
  5176 | D:7      | Reached skill level 5 in Dodging
  5200 | D:7      | Found a sparkling altar of Nemelex Xobeh.
  5201 | D:7      | Found a radiant altar of Vehumet.
  5214 | D:7      | Reached ** piety under Makhleb
  5456 | D:7      | Found a runed door.
  5509 | D:7      | Found a basalt altar of Yredelemnul.
  5572 | D:7      | Noticed Pikel
  5614 | D:7      | Killed Pikel
  5937 | D:7      | Noticed Crazy Yiuf
  5941 | D:7      | Killed Crazy Yiuf
  5984 | D:8      | Noticed Grum
  6002 | D:8      | Reached skill level 9 in Shields
  6007 | D:8      | Reached XP level 10. HP: 53/86 MP: 9/9
  6053 | D:8      | Mangled by Grum

Skill      XL: |  1  2  3  4  5  6  7  8  9 10 |
---------------+-------------------------------+-----
Shields        | 4 5 7 9 |  9.1
Fighting       | 4 5 6 7 |  7.1
Axes           | 3 4 5 |  5.9
Armour         | 4 5 6 7 8 |  8.0
Dodging        | 1 2 4 5 6 |  6.1
Short Blades   | 3 5 7 |  7.7
Stealth        | 1 |  1.0

Action                   |  1- 3 |  4- 6 |  7- 9 | 10-12 || total
-------------------------+-------+-------+-------+-------++-------
Melee: War axe           |    99 |    95 |       |       ||   194
       Headbutt          |    14 |    27 |    43 |     6 ||    90
       Short sword       |       |    26 |   273 |    39 ||   338
  Use: Scroll            |     5 |     5 |     6 |       ||    16
       Potion            |       |     1 |     6 |     2 ||     9
  Eat: Bread ration      |     1 |     1 |     3 |       ||     5
       Meat ration       |       |       |     1 |       ||     1
       Royal jelly       |       |       |     1 |       ||     1
Armor: Scale mail        |    15 |       |       |       ||    15
       Ring mail         |    29 |    47 |    81 |    13 ||   170
Dodge: Dodged            |    30 |    56 |   114 |    31 ||   231
Block: Shield            |    67 |    79 |   130 |    44 ||   320
